 Dungeon Crawl Stone Soup version 0.23-a0-309-ge7838e6 (webtiles) character file.

59378 aurelian the Carver (level 14, -1/69 HPs)
             Began as a Deep Elf Berserker on Oct 9, 2018.
             Was a High Priest of Trog.
             Killed from afar by a starcursed mass (6 damage)
             ... with an accursed screaming
             ... on level 4 of the Abyss on Oct 11, 2018.
             The game lasted 01:30:51 (33360 turns).

aurelian the Carver (Deep Elf Berserker)           Turns: 33360, Time: 01:30:52

Health: -1/69      AC: 36    Str: 14      XL:     14   Next: 53%
Magic:  13/13      EV: 24    Int: 13 (14) God:    Trog [*****.]
Gold:   1622       SH:  0    Dex: 12      Spells: 13/13 levels left

rFire    + + +     SeeInvis .   a - +0 long sword (slice)
rCold    + . .     Gourm    .   s - +2 buckler {AC+3}
rNeg     + . .     Faith    .   Z - +3 plate armour {rF+}
rPois    +         Spirit   .   j - +1 helmet of Trumpets {*Corrode rPois rF+ rN+ Int+4}
rElec    .         Reflect  .   x - +2 cloak {rF+}
rCorr    .         Harm     .   A - +1 pair of gloves "Cobipt Emit" {rC+}
MR       +++..                  f - +2 pair of boots {Stlth+}
Stlth    ..........             P - amulet of the acrobat
HPRegen  1.00/turn              g - +3 ring of protection
MPRegen  0.13/turn              G - +1 ring of slaying

@: confused, berserk cooldown, regenerating, slowed, very slow
A: clumsy 1, [dopey 2], [frail 2], [low mp 2], [inhibited regeneration], [weak
2], [no potion heal 2], [subdued magic 3]
a: Berserk, Trog's Hand, Brothers in Arms, Renounce Religion


You were on level 4 of the Abyss.
You worshipped Trog.
Trog was extremely pleased with you.
You were hungry.

You visited 2 branches of the dungeon, and saw 19 of its levels.
You visited the Abyss 1 time.
You also visited: Volcano.

You collected 1762 gold pieces.
You spent 140 gold pieces at shops.

Inventory:

Hand Weapons
 a - a +0 long sword of slicing (weapon)
 b - a +0 hunting sling
 e - a +2 antimagic falchion
 w - a +2 great sword of protection
 T - a +3 short sword
Missiles
 m - 123 sling bullets
 J - 2 throwing nets (quivered)
Armour
 f - a +2 pair of boots of stealth (worn)
 j - the +1 helmet of Trumpets (worn) {*Corrode rPois rF+ rN+ Int+4}
   (You found it on level 4 of the Lair of Beasts)

   It affects your intelligence (+4).
   It protects you from fire.
   It protects you from poison.
   It protects you from negative energy.
   It may corrode you when you take damage.
 s - a +2 buckler of protection (worn)
 x - a +2 cloak of fire resistance (worn)
 A - the +1 pair of gloves "Cobipt Emit" (worn) {rC+}
   (You acquired it on level 6 of the Dungeon)

   It protects you from cold.
 Z - a +3 plate armour of fire resistance (worn)
Jewellery
 g - a +3 ring of protection (left hand)
 E - a +3 ring of protection
 G - a +1 ring of slaying (right hand)
 P - an amulet of the acrobat (around neck)
Wands
 d - a wand of disintegration (1)
 l - a wand of iceblast (7)
 C - a wand of flame (58)
 D - a wand of paralysis (17)
 L - a wand of digging (4)
 U - a wand of polymorph (14)
 W - a wand of enslavement (17)
Scrolls
 h - 16 scrolls of remove curse
 i - 10 scrolls of identify
 k - a scroll of enchant weapon
 o - 5 scrolls of immolation
 v - 5 scrolls of teleportation
 y - 3 scrolls of magic mapping
 I - 4 scrolls of enchant armour
Potions
 n - 3 potions of might
 q - 2 potions of curing
 r - 3 potions of heal wounds
 t - 2 potions of mutation {unknown}
 u - 4 potions of lignification
 z - 2 potions of magic
 B - 4 potions of flight {unknown}
 F - 2 potions of cancellation
 H - 2 potions of brilliance {unknown}
 K - a potion of agility {unknown}
 N - 3 potions of ambrosia
 R - 2 potions of haste {unknown}
 S - 2 potions of berserk rage {unknown}
 X - a potion of resistance {unknown}
Comestibles
 c - 18 rations


   Skills:
 + Level 9.8 Fighting
 - Level 14.0 Long Blades
 + Level 11.2 Armour
 + Level 12.2 Dodging
 - Level 4.0 Stealth
 - Level 4.5 Shields


You had 13 spell levels left.
You didn't know any spells.
Your spell library was empty.

Dungeon Overview and Level Annotations

Branches:
Dungeon (13/15)            Temple (0/1) D:4            Lair (6/6) D:9
  Swamp (0/4) Lair:2       Spider (0/4) Lair:3        Slime (0/5) Lair:5
    Orc (0/2) D:12         Vaults (0/5) D:13

Altars:
Cheibriados
Fedhas
Gozag
Kikubaaqudgha
Nemelex Xobeh
Sif Muna
Trog
Uskayaw
Wu Jian
The Shining One

Shops:
D:5 !   D:7 %

Annotations:
D:7 Prince Ribbit
Lair:2 3 runed doors, Capt's ghost, journeyman HOAK
Lair:5 1 runed door, Eprapolu's ghost, journeyman HOFi
Lair:6 1 runed door, ultrashaft's ghost, journeyman DDFi


Innate Abilities, Weirdness & Mutations

You are clumsy. (Dex -2)
[You are very dopey. (Int -4)]
[You are very frail. (-20% HP)]
[Your magical capacity is very low. (-20% MP)]
[You do not regenerate when monsters are visible.]
[You are very weak. (Str -4)]
[Potions are poor at restoring your health.]
[Your spells are much easier to cast, but much less powerful.]


Message History

The Executioner hits you but does no damage.
The Executioner closely misses you.
The Executioner hits you but does no damage. x2
The Executioner closely misses you.
The Executioner hits you but does no damage. x2
The Executioner hits you.
* * * LOW HITPOINT WARNING * * *
The eye of draining gazes at you.
You feel your power leaking away.
The Executioner hits you but does no damage.
The Executioner misses you. The Executioner hits you.
* * * LOW HITPOINT WARNING * * *
The Executioner barely misses you. x2; The Executioner hits you.
* * * LOW HITPOINT WARNING * * *
The Executioner completely misses you. The Executioner closely misses you.
The Executioner completely misses you. The Executioner hits you.
* * * LOW HITPOINT WARNING * * *
The Executioner hits you but does no damage. x2
The starcursed mass shrieks in your mind.
You die...

# . ###. # #
##...######.#
.
.#..$.G@1...##
##.X.######..#
## #.#.
#.##..# ## . #
##..# ###.. #
##.X..... .. .
#.##. # . # #.
#.##...# . #
X. . ##. #.
#..#.# # .


You could see a starcursed mass, an Executioner and an eye of draining.

Vanquished Creatures
  Harold (D:7)
  Fannar (D:11)
  3 hydras
  A vault guard (D:13)
  2 two-headed ogres
  A hell hog (Volcano)
  2 thrashing horrors (Abyss:4)
  Urug (Lair:3)
  An unseen horror (D:11)
  A lindwurm (Lair:3)
  A manticore (D:11)
  4 ugly things
  2 salamanders (Volcano)
  7 elephants (Lair:6)
  8 black mambas
  Maurice (D:8)
  Psyche (D:9)
  Joseph (D:7)
  18 spiny frogs
  2 torpor snails
  3 rime drakes
  5 komodo dragons
  A queen bee (Lair:2)
  A troll (D:10)
  5 polar bears (Lair:6)
  A meliai (D:12)
  5 hornets
  A slime creature (D:11)
  9 dream sheep
  11 blink frogs
  6 hippogriffs
  3 wyverns
  Sigmund (D:6)
  Eustachio (D:5)
  13 spriggans
  24 yaks
  A wraith (D:12)
  Grum (D:8)
  A basilisk (Lair:3)
  A vampire mosquito (D:12)
  4 wargs (D:12)
  24 water moccasins
  A sky beast (D:5)
  10 porcupines
  4 hell hounds
  A hornet zombie (D:8)
  3 orc warriors
  2 ice beasts
  3 phantoms
  2 black bears (Lair:6)
  A necrophage (D:12)
  4 ogres
  57 wolves
  3 boggarts
  20 centaurs
  20 crocodiles
  2 big kobolds
  13 bullfrogs
  3 scorpions
  30 killer bees
  15 wights
  A howler monkey (D:6)
  4 electric eels (Lair:2)
  A crimson imp (D:10)
  A centaur zombie (D:6)
  2 hounds
  A starcursed mass (Abyss:4)
  8 orc priests
  3 bullfrog skeletons
  4 bullfrog zombies
  15 jellies
  6 orc wizards
  2 centaur skeletons
  2 iguanas
  4 worker ants
  A hound zombie (D:7)
  3 hound skeletons
  A worker ant zombie (D:5)
  7 gnolls
  8 adders
  2 shadow imps
  6 oozes
  2 adder zombies
  An adder skeleton (D:8)
  5 worms
  3 dart slugs
  3 leopard geckos
  37 orcs
  2 ball pythons (D:2)
  8 bats
  5 giant cockroaches
  6 goblins
  4 hobgoblins
  10 jackals
  9 kobolds
  4 quokkas
  6 frilled lizards
  7 rats
569 creatures vanquished.

Vanquished Creatures (collateral kills)
  2 hydras
  A manticore (D:12)
  5 slime creatures (D:12)
  A vampire (D:12)
  3 wights (D:12)
  A bullfrog zombie (D:12)
13 creatures vanquished.

Vanquished Creatures (others)
  A bush (Lair:2)
  18 fungi
  A lurking horror (Abyss:4)
  37 plants
57 creatures vanquished.

Grand Total: 639 creatures vanquished

Notes
Turn   | Place    | Note
-------+----------+-------------------------------------------
     0 | D:1      | aurelian the Deep Elf Berserker began the quest for the
                  | Orb.
     0 | D:1      | Reached XP level 1. HP: 13/13 MP: 3/3
     2 | D:1      | Noticed a demonspawn
     3 | D:1      | Noticed a draconian
     5 | D:1      | Noticed a felid
     5 | D:1      | Noticed a minotaur
     7 | D:1      | Noticed a centaur
     7 | D:1      | Noticed a dwarf
     9 | D:1      | Noticed a ghoul
     9 | D:1      | Noticed a vine stalker
    11 | D:1      | Noticed an elf
    13 | D:1      | Noticed an ogre
    13 | D:1      | Noticed a troll
    15 | D:1      | Noticed a halfling
    15 | D:1      | Noticed a gargoyle
    17 | D:1      | Noticed a merfolk
    19 | D:1      | Noticed a vampire
    19 | D:1      | Noticed a human
    22 | D:1      | Noticed a formicid
    24 | D:1      | Noticed a tengu
    26 | D:1      | Noticed a naga
    26 | D:1      | Noticed a spriggan
    28 | D:1      | Noticed an octopode
    28 | D:1      | Noticed a demigod
   220 | D:1      | Reached skill level 3 in Long Blades
   220 | D:1      | Reached XP level 2. HP: 14/18 MP: 4/4
   224 | D:1      | Reached skill level 1 in Stealth
   629 | D:1      | Reached XP level 3. HP: 22/22 MP: 5/5
   854 | D:2      | Reached ** piety under Trog
  1262 | D:2      | Reached XP level 4. HP: 27/27 MP: 6/6
  1266 | D:2      | Upgraded the game from 0.23-a0-305-g7ffd15e to
                  | 0.23-a0-307-gc3b755d
  2274 | D:3      | Found an opulent altar of Gozag.
  3140 | D:4      | Noticed a phantom
  3250 | D:4      | Upgraded the game from 0.23-a0-307-gc3b755d to
                  | 0.23-a0-308-gf318fe8
  3302 | D:4      | Reached XP level 5. HP: 32/32 MP: 7/7
  3698 | D:4      | Found a staircase to the Ecumenical Temple.
  3715 | D:4      | Reached skill level 4 in Long Blades
  4044 | D:4      | Found a sparkling altar of Nemelex Xobeh.
  4243 | D:4      | Noticed a phantom
  4613 | D:4      | Killed a phantom
  4613 | D:4      | Reached XP level 6. HP: 33/37 MP: 8/8
  4677 | D:4      | Reached *** piety under Trog
  5254 | D:5      | Entered Level 5 of the Dungeon
  5347 | D:5      | Found Huehok's Distillery.
  5351 | D:5      | Bought 2 potions of heal wounds for 140 gold pieces
  5589 | D:5      | Reached XP level 7. HP: 41/41 MP: 9/9
  5752 | D:5      | Got a fine leather armour
  5822 | D:5      | Identified the +1 leather armour of the Eternal Void {rC+
                  | Dex+4} (You found it on level 5 of the Dungeon)
  5846 | D:5      | Found a blossoming altar of Fedhas.
  5860 | D:5      | Reached skill level 5 in Long Blades
  6391 | D:5      | Reached skill level 5 in Dodging
  7123 | D:6      | Noticed Eustachio
  7157 | D:5      | Killed Eustachio
  7157 | D:5      | Reached skill level 1 in Shields
  7157 | D:5      | Reached XP level 8. HP: 39/48 MP: 10/10
  7270 | D:6      | Noticed Sigmund
  7290 | D:6      | Killed Sigmund
  7290 | D:6      | Reached skill level 6 in Long Blades
  7650 | D:6      | Found a glowing golden altar of the Shining One.
  7650 | D:6      | Found a bloodstained altar of Trog.
  7661 | D:6      | Found a deep blue altar of Sif Muna.
  7669 | D:6      | Found an ancient bone altar of Kikubaaqudgha.
  8268 | D:7      | Noticed Joseph
  8295 | D:7      | Killed Joseph
  8295 | D:7      | Reached XP level 9. HP: 43/52 MP: 11/11
  8678 | D:7      | Found Ufeofiso's Food Shop.
  8900 | D:7      | Found a sparkling altar of Nemelex Xobeh.
  8937 | D:8      | Noticed Prince Ribbit
  8937 | D:8      | Noticed Grum
  8939 | D:8      | Noticed Harold
  8963 | D:7      | Reached **** piety under Trog
  8963 | D:7      | Reached skill level 7 in Long Blades
  9151 | D:7      | Killed Harold
  9151 | D:7      | Reached skill level 5 in Fighting
 10009 | D:8      | Noticed Maurice
 10022 | D:8      | Killed Maurice
 10022 | D:8      | Reached skill level 8 in Long Blades
 10041 | D:8      | Found a snail-covered altar of Cheibriados.
 10077 | D:8      | Reached XP level 10. HP: 42/59 MP: 12/12
 10767 | D:8      | Reached skill level 5 in Armour
 10858 | D:8      | Killed Grum
 11014 | D:8      | Found an ornate altar of the Wu Jian Council.
 11014 | D:8      | Found a hide-covered altar of Uskayaw.
 11773 | D:9      | Noticed Psyche
 11777 | D:9      | Killed Psyche
 11792 | D:9      | Found a staircase to the Lair.
 12322 | D:9      | Received a gift from Trog
 12356 | D:9      | Upgraded the game from 0.23-a0-308-gf318fe8 to
                  | 0.23-a0-309-ge7838e6
 12359 | D:10     | Entered Level 10 of the Dungeon
 12419 | D:9      | Reached skill level 9 in Long Blades
 13759 | D:10     | Reached XP level 11. HP: 57/64 MP: 13/13
 14194 | D:11     | Noticed Fannar
 14270 | D:11     | Killed Fannar
 14912 | D:11     | Noticed a two-headed ogre
 14921 | D:11     | Killed a two-headed ogre
 15124 | D:11     | Found a sparkling altar of Nemelex Xobeh.
 15358 | D:9      | You fall through a shaft!
 15422 | Lair:1   | Entered Level 1 of the Lair of Beasts
 15592 | Lair:1   | Noticed a five-headed hydra
 15612 | Lair:1   | Killed an 11-headed hydra
 15612 | Lair:1   | Reached skill level 10 in Long Blades
 15619 | Lair:1   | Reached ***** piety under Trog
 16704 | Lair:1   | Noticed a six-headed hydra
 16852 | D:6      | Identified a scroll of acquirement
 16853 | D:6      | Got a pair of twisted gloves
 16859 | D:6      | Identified the +1 pair of gloves "Cobipt Emit" {rC+} (You
                  | acquired it on level 6 of the Dungeon)
 17018 | Lair:1   | Killed a nine-headed hydra
 18008 | Lair:2   | Noticed Capt's ghost (journeyman HOAK)
 18216 | Lair:1   | Reached XP level 12. HP: 53/72 MP: 14/14
 18625 | Lair:2   | Reached skill level 10 in Dodging
 19038 | Lair:2   | Reached skill level 11 in Long Blades
 19078 | Lair:2   | Noticed an eight-headed hydra
 19102 | Lair:2   | Killed an eight-headed hydra
 20427 | Lair:2   | Found a staircase to the Swamp.
 20621 | Lair:2   | Found a runed gate.
 20621 | Lair:2   | Found a runed gate.
 20621 | Lair:2   | Found a runed gate.
 21229 | Lair:3   | Found a hole to the Spider Nest.
 21247 | Lair:3   | Noticed Urug
 21317 | Lair:3   | Killed Urug
 23219 | Lair:4   | Reached skill level 12 in Long Blades
 23365 | Lair:4   | Reached XP level 13. HP: 78/78 MP: 15/15
 23382 | Lair:3   | Reached skill level 10 in Armour
 23811 | Lair:4   | Received a gift from Trog
 24180 | Lair:4   | Got an encrusted helmet
 24186 | Lair:4   | Identified the +1 helmet of Trumpets {*Corrode rPois rF+
                  | rN+ Int+4} (You found it on level 4 of the Lair of Beasts)
 25496 | Lair:5   | Found a runed door.
 25496 | Lair:5   | Noticed Eprapolu's ghost (journeyman HOFi)
 25916 | Lair:5   | Found a staircase to the Slime Pits.
 27193 | Lair:6   | Entered Level 6 of the Lair of Beasts
 27697 | Lair:6   | Found a dark tunnel.
 27747 | Volcano  | Entered a volcano
 27883 | Volcano  | Reached skill level 13 in Long Blades
 29559 | Lair:6   | Reached XP level 14. HP: 78/86 MP: 16/16
 29701 | Lair:6   | Received a gift from Trog
 30228 | Lair:6   | Identified Utider's Tome of Confrontation
 30955 | Lair:6   | Found a runed door.
 30955 | Lair:6   | Noticed ultrashaft's ghost (journeyman DDFi)
 31479 | D:12     | Received a gift from Trog
 31930 | D:12     | Found a staircase to the Orcish Mines.
 32308 | D:13     | Reached skill level 14 in Long Blades
 32439 | D:13     | Found a gate to the Vaults.
 33078 | D:12     | Cast into level 2 of the Abyss (meliai)
 33078 | Abyss:2  | Found a corrupted altar of Lugonu.
 33182 | Abyss:4  | Noticed a starcursed mass
 33194 | Abyss:4  | Noticed a profane servitor
 33218 | Abyss:4  | Found a corrupted altar of Lugonu.
 33306 | Abyss:4  | Gained mutation: You are clumsy. (Dex -2) [a neqoxec]
 33307 | Abyss:4  | Noticed a starcursed mass
 33356 | Abyss:4  | Noticed an Executioner
 33360 | Abyss:4  | Killed from afar by a starcursed mass

Vault maps used:
D:1:      kb_arrival_jail
D:2:      lemuel_flame_loot_1
D:3:      nicolae_gozag_cash_rules_everything_around_me
D:4:      nemelex_xobeh_ov_fountains_minmay, minmay_temple_entry_glassed_door,
          first_ration
D:5:      basic_altar, serial_shops, shop, serial_bayou_lake_a
D:6:      grunt_temple_overflow_cloverleaf, uniq_sigmund, uniq_eustachio
D:7:      serial_shops, kennysheep_mini_moat, nemelex_spade_bored_becter,
          uniq_joseph
D:8:      nicolae_overflow_crystal_walls, gammafunk_temple_overflow_elements,
          uniq_maurice, uniq_prince_ribbit1, uniq_harold, uniq_grum
D:9:      lair_entry_dummy, grunt_pizzeria, uniq_psyche
D:11:     nemelex_diamond_rough_becter, uniq_fannar
D:12:     minmay_orc_entry_guard_dogs
D:13:     lightli_vaults_fourway_checkpoint, gammafunk_ghost_hydra_chop
Lair:1:   beast_lair_carwin_1, grunt_megastairs_2
Lair:2:   minmay_swamp_entry_eels, special_room, gammafunk_ghost_split,
          uniq_urug
Lair:3:   cheibrodos_lair_overgrown_chateau, spider_nest_entry_web_field,
          lab_entry_generic
Lair:4:   grunt_forest_large_clearings
Lair:5:   minmay_slime_entry_jelly_boxes, ebering_ghost_inner_flame
Lair:6:   minmay_lair_end_enchanted_forest, enter_volcano_3,
          gammafunk_ghost_grave, grunt_forest_large_clearing_hut
Abyss:3:  evilmike_abyss_exit_7
Abyss:4:  evilmike_abyss_rune_elephants_shrine
Volcano:  volcano_village

Skill      XL: |  1  2  3  4  5  6  7  8  9 10 11 12 13 14 |
---------------+-------------------------------------------+-----
Long Blades    | 3 4 5 6 8 9 10 12 13 14 | 14.0
Stealth        | 1 2 3 4 |  4.0
Dodging        | 3 4 5 6 7 8 9 10 11 12 | 12.2
Fighting       | 3 4 5 6 7 8 9 |  9.8
Armour         | 2 3 4 6 8 9 10 11 | 11.2
Shields        | 1 3 4 |  4.5

Action                   |  1- 3 |  4- 6 |  7- 9 | 10-12 | 13-15 || total
-------------------------+-------+-------+-------+-------+-------++-------
Melee: Falchion          |    91 |   158 |   156 |       |       ||   405
       Long sword        |       |       |   220 |  1184 |  1561 ||  2965
       Short sword       |       |       |       |     6 |       ||     6
 Fire: Hunting sling     |     3 |     2 |    11 |    30 |    15 ||    61
Invok: Berserk           |     5 |     8 |    12 |    24 |     5 ||    54
       Brothers in Arms  |       |       |       |     3 |     2 ||     5
       Trog's Hand       |       |       |       |     3 |    10 ||    13
Evoke: Wand              |       |       |    13 |    28 |     4 ||    45
  Use: Scroll            |       |    11 |     2 |    17 |     4 ||    34
       Potion            |       |       |     1 |     2 |     7 ||    10
 Stab: Sleeping          |       |     3 |     3 |     1 |     3 ||    10
       Confused          |       |       |       |       |     3 ||     3
  Eat: Chunk             |     2 |    17 |    15 |    33 |    24 ||    91
       Ration            |     1 |     1 |     4 |    10 |     5 ||    21
Armor: Ring mail         |    42 |    43 |    49 |    66 |   160 ||   360
       Chain mail        |       |       |    72 |     9 |       ||    81
       Plate armour      |       |       |       |   433 |   513 ||   946
       Leather armour    |       |       |       |    37 |       ||    37
Dodge: Dodged            |    73 |    94 |   231 |   670 |   855 ||  1923
Block: Buckler           |       |       |   119 |   440 |   471 ||  1030
       Rpst.: Falchion   |    22 |    34 |    29 |       |       ||    85
       Long sword        |       |       |    45 |   206 |   241 ||   492

Table legend:
 A = Non-vault XP
 B = Vault XP
 C = Vault XP percentage of total XP
 D = Non-vault monster count
 E = Vault monster count
 F = Vault count percentage of total count
                 A         B        C        D         E       F
            +---------+---------+-------+---------+---------+-------
      Total |   52835 |   31991 |  37.7 |     404 |     178 |  30.6
            +---------+---------+-------+---------+---------+-------
        D:1 |      47 |       0 |   0.0 |      23 |       0 |   0.0
        D:2 |      67 |       0 |   0.0 |      21 |       0 |   0.0
        D:3 |      39 |       0 |   0.0 |      13 |       0 |   0.0
        D:4 |     422 |       0 |   0.0 |      21 |       0 |   0.0
        D:5 |     680 |     211 |  23.7 |      29 |       1 |   3.3
        D:6 |     869 |     220 |  20.2 |      15 |       1 |   6.2
        D:7 |     669 |    1911 |  74.1 |      13 |       6 |  31.6
        D:8 |     922 |     649 |  41.3 |      22 |       2 |   8.3
        D:9 |    2728 |     665 |  19.6 |      26 |       2 |   7.1
       D:10 |    1118 |       0 |   0.0 |      16 |       0 |   0.0
       D:11 |    4215 |     991 |  19.0 |      24 |       1 |   4.0
       D:12 |    4336 |     654 |  13.1 |      31 |       4 |  11.4
       D:13 |    1781 |     925 |  34.2 |      17 |       1 |   5.6
     Lair:1 |    7220 |    1741 |  19.4 |      28 |      10 |  26.3
     Lair:2 |    3475 |    2735 |  44.0 |      15 |      32 |  68.1
     Lair:3 |    2072 |    3916 |  65.4 |       9 |      14 |  60.9
     Lair:4 |    4188 |    4438 |  51.4 |      15 |      33 |  68.8
     Lair:5 |    6935 |    1190 |  14.6 |      30 |      18 |  37.5
     Lair:6 |    9319 |    8158 |  46.7 |      33 |      43 |  56.6
    Abyss:4 |    1733 |     100 |   5.5 |       3 |       1 |  25.0
    Volcano |       0 |    3487 | 100.0 |       0 |       9 | 100.0
            +---------+---------+-------+---------+---------+-------
